Map: Lerilak Crest

Players

Serral - Winner!

  • Race: Zerg Zerg
  • League: Grandmaster

Elazer

  • Race: Zerg Zerg
  • League: Grandmaster

Event: 2016 WCS Winter Challenger Europe

VOD

Have the link to the VOD?

Description

Time

  • Played on: Feb. 14, 2016, 10:27 a.m.
  • Length: 8:26

All games in this series

Show
View Real Time Build Order
Export as new Build Order

Serral Zerg - Winner!

Build Orders: Pool First 

Get SALT Encoding   

  12  0:00  Drone  
  13  0:12  Overlord  
  13  0:16  Drone  
  14  0:30  Drone x2  
  14  0:34  Drone  
  17  0:40  Extractor  
  16  0:45  Drone  
  17  0:51  Spawning Pool  
  17  0:56  Drone  
  17  1:06  Drone  
  18  1:17  Drone  
  19  1:24  Hatchery  
  18  1:38  Queen  
  20  1:41  Metabolic Boost  
  20  1:45  Drone  
  21  1:51  Overlord  
  21  2:00  Baneling Nest  
  20  2:03  Zergling x2  
  20  2:05  Zergling x2  
  22  2:10  Zergling x2  
  23  2:19  Queen  
  23  2:22  Zergling x2  
  26  2:33  Zergling x2  
  27  2:37  Zergling x2  
  27  2:44  Drone  
  29  2:46  Drone x2  
  29  2:48  Drone  
  29  2:49  Drone  
  29  2:50  Baneling x2  
  33  2:58  Overlord  
  33  2:59  Drone  
  34  3:07  Drone  
  34  3:08  Drone  
  34  3:10  Baneling  
  33  3:23  Drone x2  
  33  3:25  Overlord  
  34  3:30  Zergling x2  
  34  3:31  Drone x4  
  37  3:36  Overlord  
  37  3:37  Zergling x2  
  38  3:42  Evolution Chamber  
  38  3:43  Zergling x2  
  39  3:48  Zergling x2  
  39  3:55  Overlord  
  39  3:56  Baneling x2  
  39  3:58  Zergling x8  
  43  4:07  Drone x3  
  46  4:10  Baneling  
  46  4:11  Zerg Missile Weapons Level 1  
  46  4:12  Extractor  
  44  4:20  Drone x2  
  44  4:22  Drone x2  
  48  4:27  Overlord  
  48  4:29  Zergling x2  
  48  4:30  Drone  
  50  4:35  Drone x2  
  50  4:36  Roach Warren  
  51  4:41  Overlord  
  49  4:47  Overlord  
  49  4:54  Hatchery  
  49  4:56  Extractor  
  47  5:10  Spine Crawler  
  46  5:15  Roach  
  46  5:16  Roach x6  
  46  5:18  Roach  
  62  5:24  Roach x2  
  62  5:28  Baneling x4  
  66  5:31  Roach  
  66  5:38  Roach x3  
  66  5:48  Roach x3  
  66  5:57  Roach  
  66  5:59  Zergling x2  
  66  6:02  Roach x3  
  73  6:07  Ravager  
  73  6:09  Zergling x4  
  76  6:13  Zergling x2, Roach x2  
  76  6:21  Zergling x2, Roach x2  
  80  6:35  Lair  
  80  6:37  Overlord  
  80  6:41  Overlord  
  80  6:44  Drone x5  
  85  6:50  Queen  
  85  6:53  Overlord  
  86  6:56  Ravager  
  86  7:01  Roach x2  
  89  7:02  Ravager  
  90  7:09  Ravager  
  91  7:18  Drone  
  91  7:19  Drone x2  
  91  7:20  Drone x3  
  91  7:21  Roach x3  
  103  7:23  Roach  
  105  7:36  Roach x2  
  109  7:41  Overlord  
  109  7:42  Overlord  
  109  7:43  Overlord  
  109  7:47  Roach x2  
  113  7:51  Ravager  
  113  7:57  Overlord x2  
  114  8:00  Overlord x3  
  114  8:06  Roach x2  
Show
View Real Time Build Order
Export as new Build Order

Elazer Zerg 

Build Orders: Hatch First 

Get SALT Encoding   

  12  0:00  Drone  
  13  0:12  Overlord  
  13  0:16  Drone  
  14  0:30  Drone x2  
  14  0:34  Drone  
  17  0:52  Hatchery  
  17  0:53  Drone  
  17  0:57  Drone  
  18  1:07  Extractor  
  17  1:12  Spawning Pool  
  17  1:15  Drone  
  17  1:18  Drone  
  18  1:27  Drone  
  19  1:39  Overlord  
  19  1:58  Queen  
  19  1:59  Zergling x2  
  19  2:00  Zergling x2  
  23  2:04  Queen  
  23  2:05  Drone  
  26  2:19  Baneling Nest, Drone  
  26  2:27  Drone x2  
  26  2:28  Metabolic Boost  
  28  2:34  Queen  
  30  2:40  Drone x2  
  31  2:52  Queen  
  31  2:53  Overlord  
  33  2:58  Zergling x2  
  33  2:59  Zergling x2  
  33  3:01  Zergling x2  
  33  3:03  Baneling  
  33  3:04  Baneling  
  36  3:14  Zergling x4  
  37  3:26  Drone x5  
  39  3:30  Drone  
  39  3:36  Overlord  
  39  3:40  Extractor  
  38  3:45  Drone x3  
  41  3:53  Roach Warren  
  40  3:56  Drone x2  
  42  4:09  Overlord x2  
  38  4:24  Zergling x4  
  38  4:25  Zergling x4  
  42  4:33  Roach  
  42  4:34  Roach x4  
  50  4:46  Roach  
  50  4:47  Roach x4  
  60  4:55  Roach  
  60  4:59  Roach x3  
  68  5:05  Overlord  
  68  5:08  Overlord  
  68  5:10  Baneling x2  
  68  5:25  Zergling x2, Baneling x4  
  68  5:26  Zergling x6  
  72  5:29  Baneling x2  
  72  5:30  Zergling x2  
  72  5:38  Zergling x8  
  72  5:41  Ravager x2  
  59  5:50  Zergling x10  
  59  5:55  Zergling x2  
  59  5:56  Ravager x2  
  65  5:59  Ravager  
  65  6:02  Zergling x4  
  65  6:03  Baneling  
  68  6:07  Zergling x4  
  68  6:08  Zergling x2  
  69  6:17  Zergling x10  
  67  6:27  Roach  
  69  6:36  Roach x4  
  77  6:44  Extractor  
  76  6:47  Drone x2  
  76  6:51  Drone  
  79  6:55  Overlord x2  
  79  6:59  Overlord  
  79  7:06  Ravager x2  
  79  7:07  Overlord  
  79  7:08  Roach  
  83  7:11  Overlord  
  83  7:17  Roach x2  
  83  7:22  Roach  
  89  7:27  Roach  
  89  7:29  Roach  
  93  7:34  Zergling x2  
  93  7:36  Ravager x2  
  96  7:37  Zergling x2  
  96  7:41  Zergling x2  
  96  7:43  Zergling x2  
  99  7:45  Zergling x2  
  99  7:47  Ravager  
  99  7:50  Zergling x4  
  103  7:58  Zergling x4  
  103  7:59  Zergling x2  
  103  8:01  Ravager  
  103  8:03  Zergling x4  
  110  8:05  Ravager  
Tags
 
Add a new tag
Caveats
  • Supply blocks, unpowered buildings, or Contaminate may cause inaccurate times.
  • Supply counts are checked every 10 seconds.